AoeStats
← Darkmaster

Lombardia

509260208Analyzed
2v2 RM · 5d ago on Sep 26, 2026· 50m 1s· 4 players
Game mode
Random Map
Map size
Medium (4 player)
Population
200
Speed
Normal
Resources
Standard
Victory
Conquest
Starting age
Dark Age
Ending age
Imperial Age
RankedLock teamsTeams togetherTeam positionsShared explorationLock speedFull tech treeHidden civsTurbo modeCheats
Victory
Defeat
🇨🇱 Poles · Chile
942
+15
🇨🇱 Romans · Chile
897
+17
🇦🇷 Tatars · Argentina
929
-16
🇦🇷 Turks · Argentina
919
-16
Darkmaster
10:41 Feudal Age
12:19 Wheelbarrow
12:29 Loom
14:21 Wheelbarrow
13:34 Town Watch
35:52 Horse Collar
39:20 Double-Bit Axe
51:51 Castle Age
SunSorroWx
8:26 Loom
10:29 Feudal Age
11:36 Horse Collar
11:42 Double-Bit Axe
13:07 Gold Mining
14:10 Bloodlines
22:04 Castle Age
21:11 Scale Barding Armor
23:03 Bow Saw
22:54 Heavy Plow
24:30 Wheelbarrow
24:17 Town Watch
27:09 Husbandry
28:32 Forging
28:42 Chain Barding Armor
28:13 Fletching
28:35 Stone Mining
30:04 Pikeman
30:48 Squires
30:10 Pikeman
31:16 Treadmill Crane
31:56 Ballistics
35:20 Imperial Age
34:30 Gold Shaft Mining
35:25 Hand Cart
35:25 Masonry
37:22 Conscription
38:34 Chemistry
38:50 Heavy Camel Rider
39:23 Capped Ram
40:37 Siege Engineers
40:27 Murder Holes
42:56 Iron Casting
45:08 Elite Skirmisher
46:25 Bodkin Arrow
46:30 Padded Archer Armor
✟ L¥N V ✟
5:42 Loom
29:30 Feudal Age
30:21 Horse Collar
36:47 Castle Age
39:00 Double-Bit Axe
Humitas_con_tomate
2:52 Loom
10:04 Feudal Age
10:44 Double-Bit Axe
10:41 Horse Collar
14:43 Forging
17:31 Bloodlines
17:41 Scale Barding Armor
22:55 Castle Age
21:45 Fletching
26:06 Bow Saw
28:28 Bodkin Arrow
29:48 Wheelbarrow
29:07 Pikeman
31:31 Chain Barding Armor
36:11 Imperial Age
34:16 Thumb Ring
38:06 Cavalier
40:12 Iron Casting
41:25 Bracer
43:09 Padded Archer Armor
43:11 Gold Mining
45:11 Chemistry
44:31 Ballistics
45:15 Chemistry
45:21 Husbandry
45:36 Siege Engineers
47:37 Heavy Mounted Crossbowman
50:56 Conscription
Connection lost

Rejoining the realm…

Still unreachable

The connection could not be restored.

Session expired

The server has moved on; the page needs a fresh start.